 Dungeon Crawl Stone Soup version 0.29.1-15-g9cfb28693d (webtiles) character file.

Game seed: 2016472545808293325

327 BuddhaDhamma the Cleaver (level 6, -2/51 HPs)
             Began as a Minotaur Berserker on Mar 3, 2023.
             Was a Priest of Trog.
             Slain by Jingleheimer's ghost (12 damage)
             ... on level 3 of the Dungeon.
             The game lasted 00:05:40 (2817 turns).

BuddhaDhamma the Cleaver (Minotaur Berserker)       Turns: 2817, Time: 00:05:40

Health: -2/51      AC:  6    Str: 23    XL:     6   Next: 24%
Magic:  5/5        EV:  6    Int:  4    God:    Trog [***...]
Gold:   173        SH:  9    Dex: 10    Spells: 5/5 levels left

rFire   . . .      SeeInvis .   a - +0 hand axe
rCold   . . .      Faith    .   o - +0 tower shield
rNeg    . . .      Spirit   .   i - +0 scale mail
rPois   .          Reflect  .   (helmet restricted)
rElec   .          Harm     .   (no cloak)
rCorr   .          Rampage  .   (no gloves)
Will    ++...                   (no boots)
Stlth   ..........              f - amulet of regeneration
HPRegen 1.97/turn               (no ring)
MPRegen 0.09/turn               (no ring)

@: strong-willed, on berserk cooldown, regenerating, slowed, very slow
A: horns 2, retaliatory headbutt
a: Renounce Religion, Berserk, Trog's Hand


You were on level 3 of the Dungeon.
You worshipped Trog.
Trog was most pleased with you.
You visited 1 branch of the dungeon, and saw 4 of its levels.

You collected 173 gold pieces.

Inventory:

Hand Weapons
 a - a +0 hand axe (weapon)
Missiles
 b - 17 poisoned darts (quivered)
Armour
 i - a +0 scale mail (worn)
 o - a +0 tower shield (worn)
Jewellery
 f - an amulet of regeneration (around neck)
 h - a ring of protection from cold
 s - an amulet of the acrobat
Scrolls
 c - 2 scrolls of teleportation {unknown}
 d - 2 scrolls of vulnerability {unknown}
 e - 3 scrolls of identify {unknown}
 g - a scroll of butterflies {unknown}
 p - a scroll of summoning {unknown}
 t - a scroll of enchant weapon {unknown}
Potions
 j - 2 potions of curing {unknown}
 k - 2 potions of haste {unknown}
 l - 2 potions of magic {unknown}
 m - a potion of attraction {unknown}
 n - a potion of invisibility {unknown}
 q - a potion of lignification {unknown}
 r - a potion of mutation {unknown}


   Skills:
 - Level 3.6 Fighting
 + Level 8.5 Axes
 - Level 2.4 Armour
 - Level 2.1 Dodging


You had 5 spell levels left.
You didn't know any spells.
Your spell library was empty.

Dungeon Overview and Level Annotations

Branches:
Dungeon (4/15)
 Temple: D:4-7

Altars:

Annotations:
D:3 Jingleheimer's ghost, amateur FoFi


Innate Abilities, Weirdness & Mutations

You have a pair of horns on your head.
You reflexively headbutt those who attack you in melee.


Message History

Really walk into that cloud of freezing vapour? [Y]es or [N]o only, please.
Really walk into that cloud of freezing vapour? [Y]es or [N]o only, please.
Really walk into that cloud of freezing vapour? [Y]es or [N]o only, please.
Really walk into that cloud of freezing vapour? [Y]es or [N]o only, please.
Really walk into that cloud of freezing vapour? [Y]es or [N]o only, please.
Really walk into that cloud of freezing vapour? [Y]es or [N]o only, please.
Really walk into that cloud of freezing vapour?
Okay, then.
You feel a strong urge to attack something.
You feel your anger nearly subside.
You are no longer berserk.
You are exhausted.
You feel yourself slow down.
You barely miss Jingleheimer's ghost. Jingleheimer's ghost hits you.
You block Jingleheimer's ghost's attack.
You hit Jingleheimer's ghost but do no damage.
You block Jingleheimer's ghost's attack.
Jingleheimer's ghost hits you.
You hit Jingleheimer's ghost.
Jingleheimer's ghost is lightly damaged.
You block Jingleheimer's ghost's attack.
Jingleheimer's ghost hits you!
You closely miss Jingleheimer's ghost. You headbutt Jingleheimer's ghost.
Jingleheimer's ghost is lightly damaged.
Jingleheimer's ghost hits you.
You block Jingleheimer's ghost's attack.
You hit Jingleheimer's ghost.
Jingleheimer's ghost is moderately damaged.
Jingleheimer's ghost hits you! x2
* * * LOW HITPOINT WARNING * * *
Your skin crawls.
You feel strong-willed. Jingleheimer's ghost hits you!
You die...

.# #.#.........#####.#
.# #.#..........<.##.#
## #.#...............#
#............###..#
#####....##### ##.###
##..###..... #....
#..##........##.##
#.##....###...#.#
#@#....##.....#.#
###W#....#..Z..##.##
#...'...##...ZW#....
#.#.'...#[.=Z.Z#..#. #
#.#.'...#$...#Z##.#. #
###.#.#...##.. #..#.#.
# #.....#....# #Z.#...
#
#.#.#.##....###...#.##
####
#.#.#..###.......##.#


You could see Jingleheimer's ghost.

Vanquished Creatures
  A black bear (D:4)
  2 orc priests (D:3)
  A scorpion simulacrum (D:3)
  Robin (D:2)
  5 adders
  2 hound simulacra (D:3)
  3 worms
  A dart slug (D:2)
  An adder simulacrum (D:3)
  4 orcs
  6 endoplasms
  2 giant cockroaches
  21 goblins
  5 hobgoblins
  4 quokkas
  7 ball pythons
  A ball python simulacrum (D:3)
  3 bats
  A frilled lizard (D:1)
  6 kobolds
  6 rats
83 creatures vanquished.

Notes
Turn   | Place    | Note
-------+----------+-------------------------------------------
     0 | D:1      | BuddhaDhamma the Minotaur Berserker began the quest for the
                  | Orb.
     0 | D:1      | Reached XP level 1. HP: 19/19 MP: 0/0
   136 | D:1      | Reached skill level 4 in Axes
   199 | D:1      | Reached XP level 2. HP: 26/26 MP: 1/1
   849 | D:2      | Reached skill level 5 in Axes
   852 | D:2      | Reached ** piety under Trog
   854 | D:2      | Noticed Robin
   858 | D:2      | Reached XP level 3. HP: 26/31 MP: 2/2
   865 | D:2      | Killed Robin
  1350 | D:2      | Reached skill level 6 in Axes
  1350 | D:2      | Reached XP level 4. HP: 33/39 MP: 3/3
  1446 | D:2      | You fall into a shaft and drop 2 floors!
  1520 | D:4      | Noticed a black bear
  1526 | D:4      | Killed a black bear
  1527 | D:4      | Reached skill level 7 in Axes
  1527 | D:4      | Reached XP level 5. HP: 40/45 MP: 4/4
  2147 | D:3      | Found a faded altar of an unknown god.
  2200 | D:3      | Reached *** piety under Trog
  2292 | D:3      | Found a runed translucent gate.
  2292 | D:3      | Found a runed translucent gate.
  2292 | D:3      | Found a runed translucent gate.
  2421 | D:3      | Noticed Jingleheimer's ghost (amateur FoFi)
  2606 | D:3      | Reached skill level 8 in Axes
  2611 | D:3      | Reached XP level 6. HP: 33/51 MP: 5/5
  2817 | D:3      | Slain by Jingleheimer's ghost

Illustrated notes

Levels and vault maps discovered:
D:1:      dpeg_arrival_pits, layout_basic, hangedman_decor_opposing
D:2:      layout_basic, uniq_robin
D:3:      layout_loops_corners, ebering_ecumenical_altar_mist,
          gammafunk_ghost_icy
D:4:      minmay_diamond_boxcup, layout_basic, kennysheep_mini_moat,
          nicolae_shop_vocational

Skill      XL: |  1  2  3  4  5 |
---------------+----------------+-----
Axes           | 4 5 6 7 8 |  8.5
Fighting       | |  3.6
Armour         | |  2.4
Dodging        | |  2.1

Action                   |  1- 3 |  4- 6 || total
-------------------------+-------+-------++-------
Melee: Hand axe          |    96 |    98 ||   194
       Headbutt          |    13 |    15 ||    28
Invok: Berserk           |     1 |     1 ||     2
       Trog's Hand       |       |     1 ||     1
Armor: Scale mail        |    43 |    32 ||    75
       Animal skin       |     1 |       ||     1
Dodge: Dodged            |    53 |    41 ||    94
Block: Tower shield      |       |    30 ||    30
